 Dungeon Crawl Stone Soup version 0.17-b1-20-g63edfd6 (webtiles) character file.

547 4thArraOfDagon the Chopper (level 7, -3/38 HPs)
             Began as a Vine Stalker Berserker on Nov 4, 2015.
             Was a Believer of Trog.
             Slain by a porcupine (8 damage)
             ... on level 8 of the Dungeon.
             The game lasted 00:03:53 (669 turns).

4thArraOfDagon the Chopper (Vine Stalker Berserker)  Turns: 669, Time: 00:03:53

Health: -3/38      AC: 12    Str: 21    XL:     7   Next: 28%
Magic:  0/8        EV:  6    Int:  7    God:    Trog [**....]
Gold:   174        SH:  0    Dex: 14    Spells: 0 memorised, 6 levels left

rFire  . . .     SeeInvis .     q - +0 war axe
rCold  . . .     Clarity  .     d - +0 plate armour
rNeg   . . .     SustAt   .     (no shield)
rPois  .         Gourm    .     i - +0 helmet
rElec  .         Spirit   +     (no cloak)
rCorr  .         Warding  .     (no gloves)
rMut   .         Stasis   .     (no boots)
MR     ++...                    p - amulet of rage (curse)
Stlth  ..........               (no ring)
                                (no ring)

@: exhausted, regenerating, slowed, very slow, very resistant to hostile
enchantments, extremely unstealthy
A: fangs 2, regeneration 2, magic shield, antimagic bite, no device heal 3, rot
immunity
a: Berserk, Trog's Hand, Burn Spellbooks, Renounce Religion, Evoke Berserk Rage


You were on level 8 of the Dungeon.
You worshipped Trog.
Trog was pleased with you.
You were hungry.

You visited 1 branch of the dungeon, and saw 8 of its levels.

You collected 174 gold pieces.

Inventory:

Hand Weapons
 q - a +0 war axe (weapon)
Armour
 d - a +0 plate armour (worn)
 i - a +0 helmet (worn)
Magical Staves
 e - an uncursed staff of earth {unknown}
Jewellery
 p - a cursed amulet of rage (around neck)
Wands
 k - a wand of lightning (9)
Scrolls
 h - a scroll of fog
 j - a scroll of amnesia {unknown}
 l - a scroll of magic mapping {unknown}
 o - a scroll of random uselessness {unknown}
Potions
 f - 2 potions of might {unknown}
 m - a potion of degeneration {unknown}
Books
 n - a book of Maledictions

   Spells                             Type                      Level
   a - Corona                         Hexes                        1
   b - Ensorcelled Hibernation        Hexes/Ice                    2
   c - Confuse                        Hexes                        3
   d - Tukima's Dance                 Hexes                        3
   e - Dazzling Spray                 Conjuration/Hexes            3
   Trog disapproves of the use of such an item.
Comestibles
 b - 4 chunks of flesh
 c - 2 bread rations
 g - a meat ration


   Skills:
 + Level 4.3 Fighting
 * Level 5.6 Axes
 + Level 3.3 Armour
 - Level 1.5 Dodging


You had 6 spell levels left.
You didn't know any spells.

Dungeon Overview and Level Annotations

Branches:
Dungeon (8/15)
 Temple: D:4-7         Lair: D:8-11

Altars:
Qazlal


Innate Abilities, Weirdness & Mutations

You have extremely sharp teeth.
You heal very quickly.
When hurt, damage is shared between your health and your magic reserves.
Your bite disrupts and absorbs the magic of your enemies.
Potions and wands cannot restore your health.
You are immune to rotting.


Message History

The crocodile barely misses you. The porcupine bites you.
* * * LOW HITPOINT WARNING * * *
Unknown command.
The sheep bites the fungus.
Unknown command.
Unknown command.
You feel a strong urge to attack something.
Something bites the bush.
Unknown command.
Unknown command.
You feel the effects of Trog's Hand fading.
Unknown command.
Unknown command.
You feel your anger subside.
You are no longer berserk.
You are exhausted.
You feel yourself slow down.
You are feeling hungry.
The porcupine bites you!
You die...

#.......r♣.....##.....## #
#..♣..l..... #........
#.#....t.r.. #.......#
........lr# #.......#
.......YYt# #.......#
.......rY.## #.......#
..........t# #.......#
.........r.# #....###
..........@######......#
#....................#.####
#..#................##...<.
#......#####.#########..###
#....## ###..###...###.....
#.... #....##.....##...#.
#.... ##....#.......#...#.
#.....#.......#....>
#....##.......#..##.


You could see a basilisk, 3 crocodiles, an iguana, 2 porcupines, 3 sheep and 2
river rats.

Vanquished Creatures
  An ice beast (D:8)
  2 ogres (D:8)
  A giant frog (D:8)
  An orc priest (D:6)
  2 sheep (D:8)
  2 worker ants
  An adder (D:5)
  4 gnolls (D:5)
  An ooze (D:1)
  An adder zombie (D:8)
  A worm (D:5)
  2 giant geckos
  9 orcs
  A bat (D:3)
  2 hobgoblins
  4 jackals (D:3)
  2 quokkas
  2 giant newts (D:1)
  A goblin (D:3)
  A quokka skeleton (D:8)
  A quokka zombie (D:6)
42 creatures vanquished.

Notes
Turn   | Place    | Note
--------------------------------------------------------------
     0 | D:1      | 4thArraOfDagon the Vine Stalker Berserker began the quest for the Orb.
     0 | D:1      | Reached XP level 1. HP: 11/11 MP: 2/2
    18 | D:1      | Reached skill level 3 in Axes
    18 | D:1      | Reached XP level 2. HP: 4/16 MP: 3/3
    42 | D:1      | You fall through a shaft!
   131 | D:4      | Found a stormy altar of Qazlal.
   147 | D:5      | Entered Level 5 of the Dungeon
   152 | D:5      | Reached XP level 3. HP: 20/20 MP: 4/4
   225 | D:5      | Reached XP level 4. HP: 24/24 MP: 2/5
   227 | D:5      | Reached ** piety under Trog
   233 | D:5      | Reached skill level 4 in Axes
   357 | D:6      | HP: 1/36 [orc priest/divine providence (14)]
   361 | D:6      | Reached XP level 5. HP: 1/28 MP: 6/6
   378 | D:6      | Noticed a phantom
   554 | D:8      | Noticed an ogre
   554 | D:8      | Noticed an ogre
   554 | D:8      | Noticed an ice beast
   559 | D:8      | Killed an ogre
   559 | D:8      | Gained mutation: You heal very quickly. [Vine Stalker growth]
   559 | D:8      | Reached XP level 6. HP: 33/33 MP: 7/7
   560 | D:8      | Killed an ice beast
   560 | D:8      | Reached skill level 5 in Axes
   562 | D:8      | Killed an ogre
   562 | D:8      | Reached XP level 7. HP: 31/37 MP: 5/8
   657 | D:8      | Noticed a porcupine
   657 | D:8      | Noticed a crocodile
   659 | D:8      | Noticed a crocodile
   660 | D:8      | Noticed a basilisk
   662 | D:8      | Noticed a porcupine
   662 | D:8      | Noticed a crocodile
   669 | D:8      | Slain by a porcupine

Action                   |  1- 3 |  4- 6 |  7- 9 || total
-------------------------+-------+-------+-------++-------
Melee: Hand axe          |    36 |    42 |     1 ||    79
       War axe           |       |       |     5 ||     5
Invok: Berserk           |     3 |     2 |     1 ||     6
       Trog's Hand       |       |       |     1 ||     1
  Use: Scroll            |       |     3 |       ||     3
 Stab: Sleeping          |     1 |       |       ||     1
  Eat: Chunk             |       |     3 |     2 ||     5
